 Dungeon Crawl Stone Soup version 0.31.0-32-g396128a36d (webtiles) character file.

Game seed: 1842730462088912742

546233 ripuliukko the Metallomancer (level 26, 0/136 HPs)
             Began as a Gargoyle Earth Elementalist on Mar 18, 2024.
             Was the Champion of Vehumet.
             Slain by a golden dragon zombie (3 damage)
             ... on level 4 of the Depths.
             The game lasted 02:10:30 (53880 turns).

ripuliukko the Metallomancer (GrEE)                Turns: 53880, Time: 02:10:30

Health: 0/136      AC: 36    Str: 27    XL:     26   Next: 16%
Magic:  56/67      EV: 12    Int: 41    God:    Vehumet [******]
Gold:   4759       SH:  0    Dex:  7    Spells: 5/76 levels left

rFire   . . .        G - +6 Majin-Bo {spellvamp, MP+6 Int+6}
rCold   . . .        (no shield)
rNeg    + . .        M - +2 troll leather armour
rPois   ∞            O - +1 helmet of Elyvilon's Delight {^Drain Will++}
rElec   +            g - +2 cloak
rCorr   .            Z - +1 pair of gloves of the Monkey {rPois Will+ Str+8 Dex-3}
SInv    +            Y - +2 pair of boots {Fly}
Will    ++++.        z - amulet of magic regeneration
Stlth   ++           a - ring of see invisible
HPRegen 1.22/turn    k - ring of Checkmate {^Contam MP+9 Str+6 Int+8}
MPRegen 0.80/turn

%: no passive effects
@: flying, very slightly contaminated, studying Invocations
A: sickness immunity, AC +20, big wings, negative energy resistance 1,
electricity resistance, torment resistance 1, petrification resistance
}: 3/15 runes: serpentine, barnacled, silver
a: Renounce Religion


You were on level 4 of the Depths.
You worshipped Vehumet.
Vehumet was exalted by your worship.
You visited 10 branches of the dungeon, and saw 46 of its levels.
You visited 1 bazaar.
You also visited: Ossuary and Volcano.

You collected 8274 gold pieces.
You spent 3515 gold pieces at shops.

Inventory:

Hand Weapons
 G - the +6 Majin-Bo (weapon) {spellvamp, MP+6 Int+6}
   (You found it on level 4 of the Shoals)

   Int+6:     It affects your intelligence (+6).
   MP+6:      It affects your magic capacity (+6).
Missiles
 o - 10 curare-tipped darts
 Q - 4 throwing nets
Armour
 c - an orb of energy
 g - a +2 cloak (worn)
 n - a +2 robe of resistance
 J - a +2 pair of gloves of hurling
 M - a +2 troll leather armour (worn)
 O - the +1 helmet of Elyvilon's Delight (worn) {^Drain Will++}
   (You found it on level 5 of the Vaults)

   Will++:    It greatly increases your willpower.
   ^Drain:    It drains your maximum health when unequipped.
 Y - a +2 pair of boots of flying (worn)
 Z - the +1 pair of gloves of the Monkey (worn) {rPois Will+ Str+8 Dex-3}
   (You bought it in a shop in a bazaar)

   Str+8:     It affects your strength (+8).
   Dex-3:     It affects your dexterity (-3).
   rPois:     It protects you from poison Will+: It increases your willpower.
Magical Staves
 b - the staff "Sarcophage" {rF+ Dex+3 Fire}
   (You found it on level 3 of the Elven Halls)

   [staff of fire]

   Base accuracy: +5 Base damage: 5 Base attack delay: 1.2 This weapon's minimum
   attack delay (0.6) is reached at skill level 12.
   Dex+3:     It affects your dexterity (+3).
   rF+:       It protects you from fire.
   Fire:      It increases the power of your Fire spells.
   It falls into the 'Staves' category.
   It is a one-handed weapon.
 e - a staff of conjuration
 u - a staff of earth
Jewellery
 a - a ring of see invisible (left hand)
 j - the ring "Soez Lad" {rC+ rN+ Str+5}
   (You took it off a skeletal warrior on level 3 of the Crypt)

   [ring of positive energy]

   Str+5:     It affects your strength (+5).
   rC+:       It protects you from cold.
   rN+:       It protects you from negative energy.
 k - the ring of Checkmate (right hand) {^Contam MP+9 Str+6 Int+8}
   (You found it on level 2 of the Depths)

   [ring of magical power]

   Str+6:     It affects your strength (+6).
   Int+8:     It affects your intelligence (+8).
   MP+9:      It affects your magic capacity (+9).
   ^Contam:   It causes magical contamination when unequipped.
 l - a ring of magical power
 m - the ring "Cicelaol" {Ice rN+ Dex+4}
   (You took it off Josephina on level 3 of the Crypt)

   [ring of ice]

   Ice:       It enhances your ice magic.
   Dex+4:     It affects your dexterity (+4).
   rF-:       It makes you vulnerable to fire.
   rC+:       It protects you from cold.
   rN+:       It protects you from negative energy.
 r - the ring "Iwugy" {rCorr Stlth+}
   (You found it on level 4 of the Shoals)

   [ring of resist corrosion]

   rCorr:     It protects you from acid and corrosion.
   Stlth+:    It makes you more stealthy.
 s - a +6 ring of intelligence
 z - an amulet of magic regeneration (around neck)
 B - a ring of willpower
 K - the ring "Nopo" {rF+ Str+3}
   (You took it off a deep elf knight on level 3 of the Elven Halls)

   [ring of protection from fire]

   Str+3:     It affects your strength (+3).
   rF+:       It protects you from fire.
 N - a +6 ring of dexterity
Wands
 f - a wand of digging (11)
 q - a wand of iceblast (24)
 x - a wand of light (17)
 L - a wand of mindburst (15)
 P - a wand of paralysis (32)
Scrolls
 h - 22 scrolls of teleportation
 A - 8 scrolls of poison
 E - 7 scrolls of fog
 S - 4 scrolls of immolation
 T - 3 scrolls of fear
 U - 8 scrolls of amnesia
 V - 6 scrolls of noise
 W - 10 scrolls of blinking
 X - 2 scrolls of revelation
Potions
 d - 23 potions of curing
 i - 5 potions of invisibility
 p - 8 potions of brilliance
 v - 12 potions of haste
 w - 7 potions of might
 y - 12 potions of heal wounds
 C - 3 potions of resistance
 F - 6 potions of enlightenment
 I - 8 potions of mutation
 R - 2 potions of ambrosia
Miscellaneous
 t - a phial of floods
 D - a lightning rod (4/4)


   Skills:
 + Level 5.7 Fighting
 + Level 5.0 Staves
 + Level 2.5 Throwing
 + Level 5.7 Armour
 + Level 4.3 Dodging
 + Level 4.2 Stealth
 * Level 25.9 Spellcasting
 * Level 19.4 Conjurations
 * Level 9.3 Fire Magic
 + Level 7.1 Ice Magic
 + Level 6.2 Air Magic
 * Level 26.0 Earth Magic
 + Level 5.3 Alchemy
 + Level 14.0 Evocations


You had 5 spell levels left.
You knew the following spells:

 Your Spells              Type           Power      Damage    Failure   Level
a - Sandblast             Erth           100%       2d20      0%          1
d - Freezing Cloud        Conj/Ice/Air   48%        6-21      1%          5
e - Lee's Rapid Deconstr  Erth           66%        3d30*     0%          5
f - Sticky Flame          Fire/Alch      85%        2d13      1%          4
g - Fire Storm            Conj/Fire      53%        8d14      24%         9
p - Iskenderun's Battles  Conj           100%       2d15      0%          5
q - Stone Arrow           Conj/Erth      100%       3d13      0%          3
r - Fireball              Conj/Fire      53%        3d21      1%          5
s - Shatter               Erth           66%        3d49*     1%          9
t - Lehudib's Crystal Sp  Conj/Erth      63%        10d14     1%          8
u - Irradiate             Conj/Alch      50%        3d28      1%          5
w - Bombard               Conj/Erth      63%        9d10      0%          6
R - Starburst             Conj/Fire      53%        6d14      1%          6

Your spell library contained the following spells:

 Spells                   Type           Power      Damage    Failure   Level
 Polar Vortex             Ice            42%        12d5*     98%         9
 Freeze                   Ice            100%       1d10      0%          1
 Kiss of Death            Conj/Necr      100%       2d13      0%          1
 Shock                    Conj/Air       100%       1d9       0%          1
 Dazzling Flash           Conj/Hex       100%       N/A       0%          3
 Hailstorm                Conj/Ice       100%       3d16      0%          3
 Mephitic Cloud           Conj/Alch/Air  95%        N/A       0%          3
 Passwall                 Erth           100%       N/A       0%          3
 Brom's Barrelling Bould  Conj/Erth      100%       2d11      0%          4
 Leda's Liquefaction      Alch/Erth      55%        N/A       0%          4
 Petrify                  Alch/Erth      100%       N/A       0%          4
 Apportation              Tloc           100%       N/A       1%          1
 Necrotise                Necr           100%       1d9       1%          1
 Ensorcelled Hibernation  Hex/Ice        100%       N/A       1%          2
 Jinxbite                 Hex            100%       N/A       1%          2
 Confusing Touch          Hex            52%        N/A       1%          3
 Frozen Ramparts          Ice            100%       1d16      1%          3
 Gell's Gravitas          Tloc           52%        N/A       1%          3
 Inner Flame              Hex/Fire       75%        N/A       1%          3
 Summon Ice Beast         Ice/Summ       70%        N/A       1%          3
 Swiftness                Air            81%        N/A       1%          3
 Teleport Other           Tloc           52%        N/A       1%          3
 Tukima's Dance           Hex            52%        N/A       1%          3
 Vampiric Draining        Necr           52%        2d9       1%          3
 Volatile Blastmotes      Fire/Tloc      100%       2d18      1%          3
 Airstrike                Air            40%        2d(6-22)  1%          4
 Animate Armour           Summ/Erth      100%       N/A       1%          4
 Ignite Poison            Fire/Alch      85%        N/A       1%          4
 Summon Blazeheart Golem  Fire/Summ      75%        N/A       1%          4
 Summon Lightning Spire   Summ/Air       68%        N/A       1%          4
 Vhi's Electric Charge    Tloc/Air       100%       N/A       1%          4
 Alistair's Intoxication  Alch           51%        N/A       1%          5
 Arcjolt                  Conj/Air       51%        1d61      1%          5
 Yara's Violent Unravell  Hex/Alch       33%        3d14      1%          5
 Silence                  Hex/Air        34%        N/A       2%          5
 Anguish                  Hex/Necr       26%        N/A       3%          4
 Cause Fear               Hex            26%        N/A       3%          4
 Dispel Undead            Necr           52%        3d19      3%          4
 Martyr's Knell           Necr/Summ      52%        N/A       3%          4
 Passage of Golubria      Tloc           52%        N/A       3%          4
 Curse of Agony           Necr           52%        N/A       10%         5
 Summon Forest            Summ/Tloc      26%        N/A       10%         5
 Summon Mana Viper        Hex/Summ       52%        N/A       10%         5
 Conjure Ball Lightning   Conj/Air       51%        3x3d18    1%          6
 Plasma Beam              Fire/Air       43%        2x1d57    1%          6
 Orb of Destruction       Conj           59%        9d14      1%          7
 Spellforged Servitor     Conj/Summ      46%        N/A       1%          7
 Sculpt Simulacrum        Ice/Alch       40%        N/A       4%          6
 Ignition                 Fire           46%        3d13      13%         8
 Maxwell's Capacitive Co  Air            40%        ∞         41%         8
 Dispersal                Tloc           26%        N/A       50%         6
 Summon Cactus Giant      Summ           26%        N/A       50%         6
 Enfeeble                 Hex            26%        N/A       97%         7
 Haunt                    Necr/Summ      26%        N/A       97%         7
 Monstrous Menagerie      Summ           26%        N/A       97%         7
 Borgnjor's Revivificati  Necr           26%        N/A       100%        8
 Discord                  Hex            26%        N/A       100%        8
 Disjunction              Tloc           26%        N/A       100%        8
 Death's Door             Necr           26%        N/A       100%        9
 Dragon's Call            Summ           26%        N/A       100%        9
 Cigotuvi's Dreadful Rot  Necr/Alch/Air  Unusable   N/A       N/A         2

Dungeon Overview and Level Annotations

Branches:
Dungeon (15/15)            Temple (1/1) D:6            Lair (5/5) D:10
 Shoals (4/4) Lair:2        Snake (4/4) Lair:2        Slime (0/5) Lair:5
    Orc (2/2) D:11            Elf (3/3) Orc:2        Vaults (5/5) D:13
  Crypt (3/3) Vaults:3       Tomb (0/3) Crypt:3      Depths (4/4) D:15
    Zot (0/5) Depths:4    Ossuary (visited)         Volcano (visited)

Altars:
Ashenzari
Cheibriados
Dithmenos
Elyvilon
Fedhas
Gozag
Hepliaklqana
Kikubaaqudgha
Makhleb
Nemelex Xobeh
Okawaru
Qazlal
Ru
Sif Muna
Trog
Uskayaw
Vehumet
Wu Jian
Xom
Yredelemnul
Zin
The Shining One
Jiyva
Lugonu

Shops:
D:6 :   D:9 !:   D:12 [   Orc:2 *??[   Elf:1 =   Elf:2 :   Shoals:1 *
Shoals:2 *   Snake:4 *?   Vaults:1 (   Vaults:5 (   Depths:1 =:   Depths:3 !
Depths:4 ?

Portals:
Hell: Depths:1 Depths:2 Depths:3
Abyss: Lair:5 Depths:2 Depths:3
Pandemonium: Depths:2
Ziggurat: Depths:3
Trove: D:11 (give +7 demon trident)

Annotations:
Elf:2 6 transporters


Innate Abilities, Weirdness & Mutations

You are immune to sickness and miasma.
Your stone body is resilient. (AC +20)
You are immune to poison.
Your large and strong wings let you fly.
You resist negative energy. (rN+)
You are resistant to electric shocks. (rElec)
You are resistant to unholy torment.
You are immune to petrification.


Message History

The golden dragon zombie is severely damaged.
The caustic shrike zombie is severely damaged.
You destroy the golden dragon zombie!
Vehumet accepts your kill.
You feel your power returning.
The storm dragon zombie is moderately damaged.
Ka-crash!
* * * LOW HITPOINT WARNING * * *
The golden dragon zombie bites you but does no damage.
The golden dragon zombie barely misses you.
The golden dragon zombie closely misses you.
The golden dragon zombie bites you but does no damage.
The golden dragon zombie claws you but does no damage.
The golden dragon zombie barely misses you.
The caustic shrike zombie claws you but does no damage.
Unknown command.
Unknown command.
Unknown command.
Casting: Shatter (dangerous; 1% risk of failure)
Confirm with . or Enter, or press ? or * to list all spells.
You erupt in a fountain of uncontrolled magic!
The golden dragon zombie is blasted with magical radiation!
The golden dragon zombie is severely damaged.
The caustic shrike zombie is blasted with magical radiation!!
The caustic shrike zombie is almost destroyed.
The golden dragon zombie is blasted with magical radiation!!
The golden dragon zombie is almost destroyed.
The golden dragon zombie is blasted with magical radiation!!!
You destroy the golden dragon zombie!
Vehumet accepts your kill.
You feel your power returning.
You are very lightly contaminated with residual magic.
* * * LOW HITPOINT WARNING * * *
The caustic shrike zombie completely misses you.
The golden dragon zombie completely misses you.
The golden dragon zombie closely misses you.
The golden dragon zombie misses you. The golden dragon zombie bites you!!
* * * LOW HITPOINT WARNING * * *
The golden dragon zombie claws you.
You die...

####### #......#........
.......#........
.......#........
#...............
#########................
.........................
......∩..........Z.......
................@Z.......
................ZZ..._.♣.
##+######...............
................
................ ##
.........♣..♣... .....#
.........<...... .....+
.......#........ .....#
#.....#


You could see a storm dragon zombie, 2 golden dragon zombies and a caustic
shrike zombie.

Vanquished Creatures
  A dread lich (Depths:1)
  3 ancient liches
  A juggernaut (Depths:4)
  Josephina (Crypt:3)
  Sojobo (Depths:2)
  Bai Suzhen (Crypt:3)
  2 caustic shrikes (Depths:2)
  4 golden dragons
  2 bone dragons
  Jory (Crypt:1)
  A profane servitor (Crypt:3)
  A hellephant (Depths:3)
  6 liches
  2 quicksilver dragons (Vaults:4)
  Asterion (Elf:2)
  5 tentacled monstrosities (Vaults:5)
  7 titans
  2 deep elf blademasters
  6 sphinxes
  A deep elf master archer (Elf:3)
  9 tengu reavers
  2 ancient champions
  2 storm dragons (Vaults:5)
  5 shadow dragons
  Agnes (Snake:1)
  2 revenants
  12 nagarajas (Snake:4)
  A draconian monk (Depths:4)
  6 fire giants
  12 deep elf sorcerers
  6 deep elf elementalists (Elf:3)
  2 draconian shifters (Depths:1)
  Roxanne (Shoals:2)
  10 vault wardens
  9 frost giants
  3 iron dragons (Vaults:5)
  13 ghouls
  A caustic shrike zombie (Depths:4)
  2 curse skulls
  4 orc warlords
  A draconian annihilator (Depths:1)
  A formless jellyfish (Vaults:1)
  27 stone giants
  14 ironbound preservers
  A juggernaut skeleton (Crypt:1)
  6 ironbound thunderhulks
  A spriggan defender (Depths:2)
  23 very ugly things
  7 deep elf annihilators
  7 vampire knights
  6 deep elf demonologists
  4 dire elephants (Vaults:3)
  7 deep elf death magi (Elf:3)
  2 war gargoyles
  A purple draconian (Depths:4)
  The ghost of wer000g the Fighter, a journeyman DrBe of Trog (Orc:2)
  6 eidola
  A white draconian (Depths:4)
  A blizzard demon (Depths:2)
  7 fire dragons
  A green death (Depths:2)
  6 merfolk javelineers
  3 merfolk impalers
  5 spriggan zombies
  5 jiangshi
  9 ettins
  12 yaktaur captains
  4 entropy weavers
  Fannar (Lair:1)
  9 deep elf high priests
  A mummy priest (Crypt:3)
  A crystal guardian (Vaults:3)
  2 hydras
  8 great orbs of eyes
  8 ice dragons
  A quicksilver dragon zombie (Depths:4)
  Harold (Lair:1)
  Erolcha (D:13)
  8 rakshasas
  2 alligator snapping turtles
  A spectral tengu (Depths:1)
  A fenstrider witch zombie (Crypt:3)
  A peacekeeper (Vaults:3)
  5 spriggan air magi
  8 ironbound frosthearts
  30 vault guards
  3 sphinx zombies (Depths:4)
  3 salamander tyrants (Snake:4)
  2 satyrs
  28 centaur warriors
  5 anacondas
  3 ogre magi
  24 dancing weapons
  9 two-headed ogres
  17 naga warriors
  7 deep troll shamans
  10 boulder beetles
  6 merfolk aquamancers
  3 thrashing horrors (Lair:5)
  3 occultists (Depths:1)
  6 vampire magi
  6 hell hogs (Depths:3)
  4 death knights
  A shock serpent (shapeshifter) (Vaults:5)
  6 tengu warriors
  5 death yaks (D:10)
  19 deep troll earth magi
  6 spriggan berserkers
  Urug (Lair:3)
  3 orc high priests
  3 titan zombies
  3 shock serpents
  A sun demon (D:13)
  10 hell knights
  15 deep elf knights
  8 naga sharpshooters
  A storm dragon zombie (Depths:4)
  11 iron trolls
  6 skysharks
  9 salamander mystics
  8 soul eaters (Depths:1)
  3 bunyip zombies (Crypt:3)
  2 shadow wraiths (Crypt:2)
  10 sea snakes
  4 naga ritualists
  A sea snake (shapeshifter) (Vaults:5)
  24 skeletal warriors
  An orb spider (shapeshifter) (Elf:3)
  7 glowing orange brains
  An anaconda zombie (Crypt:3)
  A mana viper (Snake:2)
  6 arcanists
  5 golden dragon zombies
  56 deep trolls
  17 ironbound convokers
  9 flayed ghosts
  11 deep elf archers
  12 orc knights
  3 shadow dragon zombies
  2 anaconda skeletons (Volcano)
  2 spriggan simulacra (Crypt:3)
  2 bog bodies (Crypt:1)
  8 lindwurms
  A steelbarb worm (shapeshifter) (Depths:4)
  18 phantasmal warriors
  21 deep elf pyromancers
  An oklob plant (Lair:1)
  3 tengu zombies
  8 necromancers
  2 iron dragon zombies (Depths:4)
  9 harpies
  33 ugly things
  7 orc sorcerers
  24 deep elf zephyrmancers
  A shining eye (shapeshifter) (Vaults:3)
  2 stone giant zombies (Crypt:3)
  18 salamanders
  18 manticores
  2 large abominations (Lair:5)
  2 alligator skeletons (Volcano)
  3 meliai (D:13)
  28 fauns
  A dire elephant zombie (Crypt:2)
  5 cyclopes
  A salamander (shapeshifter) (Elf:1)
  7 elephants
  11 merfolk sirens
  A water nymph (shapeshifter) (Vaults:5)
  30 black mambas
  2 centaur zombies (Crypt:3)
  A titan simulacrum (Crypt:1)
  8 guardian serpents
  15 naga magi
  3 smoke demons
  22 vault sentinels
  5 gargoyles
  7 kobold blastminers
  Joseph (Lair:1)
  14 water nymphs
  A torpor snail (Lair:1)
  8 cane toads
  7 rime drakes
  A catoblepas zombie (Crypt:2)
  A yaktaur (shapeshifter) (Elf:1)
  Maggie (D:7)
  An efreet (D:15)
  10 komodo dragons
  An anaconda simulacrum (Crypt:2)
  12 freezing wraiths
  A kobold demonologist (D:14)
  A komodo dragon (shapeshifter) (Vaults:5)
  An ice devil (D:13)
  33 yaktaurs
  8 tengu conjurers
  A sea snake skeleton (Crypt:1)
  A guardian mummy (Crypt:3)
  A harpy zombie (Crypt:1)
  A black draconian skeleton (Crypt:2)
  15 merfolk
  8 trolls
  A polar bear (D:13)
  A queen bee (shapeshifter) (Lair:5)
  Prince Ribbit (D:7)
  8 wind drakes
  5 hornets
  A blink frog (shapeshifter) (Elf:1)
  A raiju (Lair:5)
  21 blink frogs
  A frost giant simulacrum (Depths:1)
  12 snapping turtles
  A harpy skeleton (Volcano)
  A meliai (shapeshifter) (D:15)
  11 dream sheep
  3 ettin zombies
  2 jumping spiders (Vaults:4)
  26 slime creatures
  2 shadows (Crypt:3)
  15 water elementals
  2 centaur simulacra (Crypt:3)
  5 spriggans
  7 air elementals
  57 yaks
  A dire elephant simulacrum (Crypt:2)
  An ushabti (Crypt:3)
  2 fire elementals
  4 wyverns
  11 wraiths
  7 basilisks
  A human (Depths:1)
  A yak (shapeshifter) (Elf:1)
  2 ynoxinuls (Lair:5)
  Eustachio (D:5)
  A hog (shapeshifter) (Elf:1)
  10 steam dragons
  An alligator snapping turtle simulacrum (Crypt:3)
  4 wargs
  14 vampire mosquitoes
  2 redbacks
  Menkaure (D:5)
  33 nagas
  10 small abominations (Lair:5)
  3 acid dragons
  2 swamp worms (shapeshifter)
  10 water moccasins
  A two-headed ogre zombie (Crypt:2)
  An ogre zombie (Vaults:4)
  Duvessa (D:7)
  2 hell hounds (Lair:1)
  42 orc warriors
  A black bear (D:7)
  2 naga skeletons
  A cane toad skeleton (Crypt:1)
  3 sky beasts
  An ettin simulacrum (Vaults:4)
  4 ice beasts
  15 laughing skulls
  10 wolves
  7 boggarts
  25 centaurs
  12 ogres
  A dream sheep skeleton (Crypt:2)
  4 phantoms
  A torpor snail zombie (Crypt:1)
  13 bullfrogs
  4 kobold brigands
  A weeping skull (Volcano)
  A scorpion (D:7)
  15 necrophages
  An earth elemental (Elf:2)
  A gnoll sergeant (D:8)
  A glowing shapeshifter simulacrum (Vaults:4)
  3 wyvern skeletons (Crypt:3)
  2 hornet simulacra
  Dowan (D:7)
  3 spriggan skeletons (Volcano)
  3 troll skeletons (Volcano)
  4 electric eels
  4 crimson imps (D:13)
  2 bombardier beetles (D:5)
  3 hounds
  A jelly (D:6)
  14 orc priests
  2 sleepcaps
  An iguana (D:7)
  17 orc wizards
  A killer bee zombie (Crypt:2)
  An acid dragon zombie (Crypt:2)
  A crocodile zombie (Crypt:1)
  A sky beast zombie (Crypt:2)
  9 mummies
  5 adders
  3 gnolls (D:8)
  5 white imps
  4 ufetubi
  An iguana zombie (Crypt:1)
  2 dart slugs
  3 ribbon worms
  A ribbon worm (shapeshifter) (Vaults:2)
  67 orcs
  12 ball pythons
  8 endoplasms
  A giant cockroach (D:3)
  6 goblins
  5 hobgoblins
  17 jackals
  26 kobolds
  3 quokkas
  6 bats
  7 frilled lizards
  2 gnoll zombies (Ossuary)
  2 hobgoblin zombies (Ossuary)
  2 kobold zombies (Ossuary)
  2 orc zombies (Ossuary)
  24 rats
2065 creatures vanquished.

Vanquished Creatures (collateral kills)
  2 boulders (D:10)
2 creatures vanquished.

Vanquished Creatures (others)
  A water elemental (Elf:3)
  A quokka (Depths:2)
  4 boulders (D:10)
  3 fire vortices (Depths:2)
9 creatures vanquished.

Grand Total: 2076 creatures vanquished

Notes
Turn   | Place    | Note
-------+----------+-------------------------------------------
     0 | D:1      | ripuliukko the Gargoyle Earth Elementalist began the quest
                  | for the Orb.
     0 | D:1      | Reached XP level 1. HP: 10/10 MP: 3/3
   119 | D:1      | Reached skill level 4 in Earth Magic
   332 | D:1      | Reached XP level 2. HP: 15/15 MP: 3/5
   926 | D:1      | Reached XP level 3. HP: 19/19 MP: 4/6
  1882 | D:3      | Reached XP level 4. HP: 24/24 MP: 6/8
  1928 | D:3      | Found a faded altar of an unknown god.
  2012 | D:3      | Reached skill level 5 in Earth Magic
  2647 | D:3      | Learned a level 3 spell: Stone Arrow
  2686 | D:3      | Reached XP level 5. HP: 28/28 MP: 1/10
  2914 | D:3      | Reached skill level 1 in Fighting
  3228 | D:4      | Found a shimmering blue altar of Sif Muna.
  3242 | D:4      | Reached XP level 6. HP: 26/34 MP: 2/12
  3611 | D:4      | Found a stormy altar of Qazlal.
  4165 | D:5      | Entered Level 5 of the Dungeon
  4297 | D:5      | Noticed Menkaure
  4305 | D:5      | Killed Menkaure
  4306 | D:5      | Reached skill level 5 in Spellcasting
  4306 | D:5      | Reached XP level 7. HP: 26/38 MP: 8/15
  4507 | D:5      | Noticed Eustachio
  4520 | D:5      | Killed Eustachio
  4521 | D:5      | Reached skill level 6 in Earth Magic
  4521 | D:5      | Reached skill level 1 in Evocations
  5109 | D:5      | Found a broken altar of Ashenzari.
  5214 | D:6      | Found Yceurah's Tiny Tomes.
  5218 | D:6      | Bought Reforiar's Directory of the Inferno for 168 gold
                  | pieces
  5280 | D:6      | Reached XP level 8. HP: 44/44 MP: 13/17
  5283 | D:6      | Found a sand-covered staircase.
  5393 | Ossuary  | Entered an ossuary
  5747 | D:6      | Found a staircase to the Ecumenical Temple.
  5786 | D:6      | Reached skill level 7 in Earth Magic
  5792 | D:6      | Identified the +10 flail of the Ageless Stories {freeze,
                  | rF+ Will+ Int-2}
  5822 | Temple   | Entered the Ecumenical Temple
  5841 | Temple   | Became a worshipper of Vehumet
  6278 | D:7      | Learned a level 4 spell: Brom's Barrelling Boulder
  6288 | D:7      | Found an iron altar of Okawaru.
  6303 | D:7      | Found a burning altar of Makhleb.
  6330 | D:7      | Noticed Maggie
  6338 | D:7      | Reached XP level 9. HP: 48/48 MP: 15/20
  6340 | D:7      | Killed Maggie
  6346 | D:7      | Noticed Prince Ribbit
  6357 | D:7      | Killed Prince Ribbit
  6441 | D:7      | Noticed Duvessa
  6442 | D:7      | Noticed Dowan
  6447 | D:7      | Killed Duvessa
  6448 | D:7      | Reached skill level 8 in Earth Magic
  6452 | D:7      | Killed Dowan
  6594 | D:7      | Noticed a troll
  6597 | D:7      | Killed a troll
  6732 | D:8      | Reached * piety under Vehumet
  6732 | D:8      | Offered knowledge of Shock by Vehumet.
  6880 | D:8      | Reached skill level 1 in Armour
  6880 | D:8      | Reached XP level 10. HP: 53/53 MP: 23/23
  7176 | D:9      | Reached skill level 1 in Alchemy
  7520 | D:9      | Reached skill level 5 in Conjurations
  7582 | D:9      | Reached skill level 10 in Spellcasting
  7593 | D:9      | Reached ** piety under Vehumet
  7596 | D:9      | Offered knowledge of Static Discharge by Vehumet.
  7705 | D:9      | Found Mitwimer's Distillery.
  7710 | D:9      | Bought a potion of mutation for 120 gold pieces
  7717 | D:9      | Found Waphirhi's Book Emporium.
  7722 | D:9      | Bought a Trismegistus Codex for 364 gold pieces
  7728 | D:9      | Learned a level 5 spell: Freezing Cloud
  7895 | D:10     | Entered Level 10 of the Dungeon
  7941 | D:10     | Noticed a two-headed ogre
  7946 | D:10     | Killed a two-headed ogre
  7947 | D:10     | Reached skill level 9 in Earth Magic
  7965 | D:10     | Reached skill level 1 in Throwing
  7965 | D:10     | Reached skill level 1 in Ice Magic
  8031 | D:10     | Noticed a gargoyle
  8041 | D:10     | Killed a gargoyle
  8042 | D:10     | Reached skill level 1 in Air Magic
  8104 | D:10     | Noticed a death yak
  8121 | D:10     | Noticed a death yak
  8123 | D:10     | Noticed a death yak
  8133 | D:10     | Noticed a death yak
  8135 | D:10     | Noticed a death yak
  8150 | D:11     | Noticed a two-headed ogre
  8150 | D:11     | Noticed a two-headed ogre
  8151 | D:11     | Noticed a manticore
  8215 | D:10     | Noticed a cyclops
  8219 | D:10     | Killed a cyclops
  8599 | D:10     | Found a staircase to the Lair.
  8928 | D:10     | Reached XP level 11. HP: 35/57 MP: 25/25
  8929 | D:10     | Killed a two-headed ogre
  8943 | D:10     | Killed a two-headed ogre
  8943 | D:10     | Offered knowledge of Momentum Strike by Vehumet.
  9101 | D:11     | Found a staircase to the Orcish Mines.
  9212 | D:11     | Noticed a cyclops
  9217 | D:11     | Killed a cyclops
  9255 | D:11     | Noticed a two-headed ogre
  9262 | D:11     | Killed a two-headed ogre
  9272 | D:11     | Noticed a vault guard
  9277 | D:11     | Killed a vault guard
  9320 | D:11     | Found a portal to a secret trove of treasure.
  9594 | D:11     | Killed a manticore
  9595 | D:11     | Reached skill level 10 in Earth Magic
  9679 | D:12     | Learned a level 6 spell: Starburst
  9687 | D:12     | Noticed a boulder beetle
  9692 | D:12     | Killed a boulder beetle
  9693 | D:12     | Reached skill level 5 in Evocations
  9719 | D:12     | Reached skill level 1 in Fire Magic
  9738 | D:12     | Noticed a boulder beetle
  9745 | D:12     | Killed a boulder beetle
  9745 | D:12     | Reached *** piety under Vehumet
  9822 | D:12     | Noticed a cyclops
  9826 | D:12     | Killed a cyclops
  9827 | D:12     | Reached XP level 12. HP: 36/62 MP: 19/27
  9925 | D:12     | Offered knowledge of Sticky Flame by Vehumet.
  9938 | D:12     | Learned a level 4 spell: Sticky Flame
 10121 | D:12     | Found Mofieb's Armour Emporium.
 10371 | D:10     | Killed a death yak
 10378 | D:10     | Killed a death yak
 10379 | D:10     | Killed a death yak
 10438 | D:10     | Killed a death yak
 10440 | D:10     | Killed a death yak
 10512 | Lair:1   | Entered Level 1 of the Lair of Beasts
 10535 | Lair:1   | Found a sacrificial altar of Ru.
 10553 | Lair:1   | Reached **** piety under Vehumet
 10608 | Lair:1   | Found a dark tunnel.
 10614 | Volcano  | Entered a volcano
 10638 | Volcano  | Offered knowledge of Flame Wave by Vehumet.
 10932 | Volcano  | Reached XP level 13. HP: 65/66 MP: 17/29
 11264 | Lair:1   | Noticed Fannar
 11275 | Lair:1   | Killed Fannar
 11676 | Lair:1   | Noticed Joseph
 11680 | Lair:1   | Killed Joseph
 11698 | Lair:1   | Noticed Harold
 11705 | Lair:1   | Killed Harold
 12113 | Lair:2   | Reached ***** piety under Vehumet
 12115 | Lair:2   | Offered knowledge of Lee's Rapid Deconstruction by Vehumet.
 12122 | Lair:2   | Learned a level 5 spell: Lee's Rapid Deconstruction
 12123 | Lair:2   | Reached skill level 11 in Earth Magic
 12171 | Lair:2   | Found a staircase to the Snake Pit.
 12641 | Lair:2   | Found a staircase to the Shoals.
 12996 | Lair:3   | Noticed Urug
 13006 | Lair:3   | Killed Urug
 13152 | Lair:3   | Reached skill level 1 in Staves
 13298 | Lair:3   | Reached skill level 5 in Ice Magic
 13359 | Lair:3   | Gained mutation: Your large and strong wings let you fly.
                  | [Gargoyle growth]
 13359 | Lair:3   | Reached XP level 14. HP: 72/72 MP: 21/31
 13662 | Lair:3   | Reached skill level 5 in Fire Magic
 14224 | Lair:4   | Reached skill level 10 in Conjurations
 15134 | Lair:5   | Entered Level 5 of the Lair of Beasts
 15686 | Lair:5   | Found a staircase to the Slime Pits.
 15686 | Lair:5   | Found a viscous altar of Jiyva.
 16186 | Lair:5   | HP: 2/72 [burnt (14)]
 16502 | Lair:5   | Reached skill level 12 in Earth Magic
 16541 | Lair:5   | Offered knowledge of Bombard by Vehumet.
 16560 | Lair:5   | Learned a level 6 spell: Bombard
 16566 | Lair:5   | Learned a level 5 spell: Fireball
 16660 | Lair:5   | Found a corrupted altar of Lugonu.
 16660 | Lair:5   | Found a one-way gate to the infinite horrors of the Abyss.
 16879 | D:11     | Reached XP level 15. HP: 76/76 MP: 24/33
 16899 | Orc:1    | Entered Level 1 of the Orcish Mines
 16961 | Orc:1    | Noticed an orc warlord
 17058 | D:11     | Killed an orc warlord
 17566 | Orc:2    | Entered Level 2 of the Orcish Mines
 17583 | Orc:2    | Found a flickering gateway to a bazaar.
 17588 | Bazaar   | Entered a bazaar
 17592 | Bazaar   | Found Kitseodi's Magic Scroll Boutique.
 17600 | Bazaar   | Found Ziatsule's Antique Armour Boutique.
 17611 | Bazaar   | Found Zeiczuy's Jewellery Emporium.
 17626 | Bazaar   | Found Atoebup's General Store.
 17634 | Bazaar   | Found Miodegg's Antique Weapon Shop.
 17693 | Bazaar   | Bought 2 scrolls of blinking for 195 gold pieces
 17693 | Bazaar   | Bought a scroll of blinking for 97 gold pieces
 17693 | Bazaar   | Bought a scroll of blinking for 97 gold pieces
 17693 | Bazaar   | Bought a scroll of revelation for 97 gold pieces
 17801 | Bazaar   | Bought a pair of runed boots for 165 gold pieces
 17801 | Bazaar   | Bought a pair of crude gloves for 209 gold pieces
 17801 | Bazaar   | Identified the +1 pair of gloves of the Monkey {rPois Will+
                  | Str+8 Dex-3} (You bought it in a shop in a bazaar)
 17814 | Bazaar   | Bought a pair of embroidered gloves for 165 gold pieces
 17930 | Orc:2    | Found a runed translucent gate.
 17930 | Orc:2    | Found a runed translucent gate.
 17930 | Orc:2    | Found a runed translucent gate.
 17931 | Orc:2    | Found an opulent altar of Gozag.
 17932 | Orc:2    | Found Sekkian's Assorted Antiques.
 17932 | Orc:2    | Noticed wer000g's ghost (journeyman DrBe)
 18009 | Orc:2    | Offered knowledge of Ozocubu's Refrigeration by Vehumet.
 18132 | Orc:2    | Reached skill level 5 in Air Magic
 18184 | Orc:2    | Reached ****** piety under Vehumet
 18220 | Orc:2    | Found Qead's Magic Scroll Shop.
 18220 | Orc:2    | Found Rodee's Magic Scroll Emporium.
 18222 | Orc:2    | Found Xarhahie's Book Shoppe.
 18224 | Orc:2    | Found Kuececup's Antique Armour Boutique.
 18239 | Orc:2    | Bought a scroll of enchant armour for 120 gold pieces
 18322 | Orc:2    | Found a staircase to the Elven Halls.
 18473 | Orc:2    | Reached skill level 15 in Spellcasting
 18682 | Orc:2    | Killed wer000g's ghost
 19666 | D:13     | Found a gate to the Vaults.
 19923 | D:13     | Noticed Erolcha
 19926 | D:13     | Killed Erolcha
 19927 | D:13     | Reached skill level 13 in Earth Magic
 20865 | D:15     | Entered Level 15 of the Dungeon
 20924 | D:15     | Reached XP level 16. HP: 57/83 MP: 13/35
 21656 | D:15     | Found a staircase to the Depths.
 21875 | D:14     | Offered knowledge of Iskenderun's Battlesphere by Vehumet.
 22532 | D:12     | Learned a level 5 spell: Iskenderun's Battlesphere
 22623 | Snake:1  | Entered Level 1 of the Snake Pit
 22634 | Snake:1  | Noticed Agnes
 22639 | Snake:1  | Killed Agnes
 22819 | Snake:1  | Reached skill level 14 in Earth Magic
 22886 | Snake:1  | Found a sparkling altar of Nemelex Xobeh.
 23801 | Snake:2  | Offered knowledge of Arcjolt by Vehumet.
 23911 | Snake:2  | You are sucked into a shaft and drop 1 floor!
 24329 | Snake:3  | Reached XP level 17. HP: 90/90 MP: 33/37
 24877 | Snake:4  | Entered Level 4 of the Snake Pit
 24877 | Snake:4  | Found Inoiq's Incredible Inventory.
 24881 | Snake:4  | Bought a +6 ring of intelligence for 504 gold pieces
 25384 | Snake:4  | Offered knowledge of Irradiate by Vehumet.
 25403 | Snake:4  | Learned a level 5 spell: Irradiate
 25599 | Snake:4  | Reached skill level 15 in Earth Magic
 26181 | Snake:4  | Found Izoleloc's Magic Scroll Shoppe.
 26204 | Snake:4  | Bought a scroll of teleportation for 45 gold pieces
 26204 | Snake:4  | Bought a scroll of blinking for 112 gold pieces
 26725 | Snake:4  | Identified the +1 hand axe of the Forest {drain, rPois rC-
                  | rN++ rCorr}
 27040 | Snake:4  | Got a serpentine rune of Zot
 27214 | Shoals:1 | Entered Level 1 of the Shoals
 27319 | Shoals:1 | Reached XP level 18. HP: 95/95 MP: 33/39
 27458 | Shoals:1 | Found Ober's Assorted Antiques.
 27477 | Shoals:1 | Offered knowledge of Conjure Ball Lightning by Vehumet.
 27543 | Shoals:1 | Bought a scroll of enchant armour for 240 gold pieces
 27983 | Shoals:1 | Reached skill level 10 in Evocations
 28164 | Shoals:2 | Found Tutwoef's Overcharged Wands.
 28257 | Shoals:2 | Noticed Roxanne
 28261 | Shoals:2 | Killed Roxanne
 28275 | Shoals:2 | Reached skill level 15 in Conjurations
 28276 | Shoals:2 | Reached skill level 16 in Earth Magic
 28425 | Shoals:2 | Reached skill level 5 in Armour
 30188 | Shoals:4 | Entered Level 4 of the Shoals
 30300 | Shoals:4 | Offered knowledge of Fire Storm by Vehumet.
 30300 | Shoals:4 | Offered knowledge of Shatter by Vehumet.
 30300 | Shoals:4 | Offered knowledge of Polar Vortex by Vehumet.
 30512 | Shoals:4 | Paralysed by an air elemental for 1 turns
 30736 | Shoals:4 | Noticed a titan
 30736 | Shoals:4 | Found the +6 Majin-Bo {spellvamp, MP+6 Int+6}
 30742 | Shoals:4 | Killed a titan
 30890 | Shoals:4 | Got a barnacled rune of Zot
 30896 | Shoals:4 | Identified the ring "Iwugy" {rCorr Stlth+}
 30901 | Shoals:4 | Paralysed by an air elemental for 1 turns
 30903 | Shoals:4 | Identified the +0 chain mail of Compression {Int+3}
 31074 | Shoals:4 | Reached XP level 19. HP: 100/100 MP: 34/41
 31114 | Shoals:4 | Learned a level 9 spell: Shatter
 31131 | Shoals:4 | Found a white marble altar of Elyvilon.
 31754 | Elf:1    | Entered Level 1 of the Elven Halls
 31906 | Elf:1    | Reached skill level 17 in Earth Magic
 31957 | Elf:1    | Got the Almanac of Execration and Phlogiston
 32134 | Elf:1    | Found Ujylulah's Jewellery Boutique.
 32600 | Elf:2    | Noticed Asterion
 32605 | Elf:2    | Killed Asterion
 32801 | Elf:2    | Found a transporter.
 32806 | Elf:2    | Found a transporter.
 33052 | Elf:2    | Found a transporter.
 33168 | Elf:2    | Found a transporter.
 33260 | Elf:2    | Found Ytzim's Book Emporium.
 33400 | Elf:2    | Found a transporter.
 33403 | Elf:2    | Found a transporter.
 33536 | Elf:2    | Found a runed translucent gate.
 33537 | Elf:2    | Found a runed translucent gate.
 33537 | Elf:2    | Found a runed translucent gate.
 33693 | Elf:2    | Reached skill level 18 in Earth Magic
 34063 | Elf:3    | Entered Level 3 of the Elven Halls
 34139 | Elf:3    | Found a shimmering blue altar of Sif Muna.
 34401 | Elf:3    | Reached XP level 20. HP: 104/104 MP: 43/43
 34941 | Elf:3    | Identified the +5 war axe "Qyluq" {flame, Dex+3}
 34941 | Elf:3    | Identified the +0 leather armour of Awe {rF+ rC+ Will+
                  | Str-5}
 35098 | Elf:3    | Reached skill level 19 in Earth Magic
 35173 | Elf:3    | Identified the ring "Nopo" {rF+ Str+3}
 35312 | Elf:3    | Identified the staff "Sarcophage" {rF+ Dex+3 Fire}
 35333 | Elf:3    | Identified the +0 robe of the Ego {-Cast +Inv rF++ rC-}
 35411 | Elf:3    | Identified the storm talisman of Fun and Games {rCorr Str+3
                  | Slay-5}
 35414 | Elf:3    | Identified the +0 scale mail of the Kettle-Drum {Harm rN++
                  | Will-}
 35458 | Elf:3    | Identified the +9 orcbow "Tuarroa" {elec, rF++ rCorr SInv}
 35465 | Elf:3    | Got the Anthology of the Engineer
 35472 | Elf:3    | Identified the +6 rapier of the Beast {flame, Str-5 Dex+3}
 36032 | Vaults:1 | Entered Level 1 of the Vaults
 36407 | Vaults:1 | Found Keuppom's Antique Weapon Emporium.
 36524 | Vaults:1 | Identified the blade talisman of Buuptoze {Str+6 Int+3}
 36660 | Vaults:1 | Found the +2 cloak of the Thief {*Fog Slay-2 SInv Stlth+}
 37175 | Vaults:2 | Reached XP level 21. HP: 109/109 MP: 45/45
 37242 | Vaults:2 | Reached skill level 20 in Earth Magic
 37277 | Vaults:2 | Reached skill level 5 in Fighting
 37494 | Vaults:2 | Paralysed by a sphinx for 5 turns
 38642 | Vaults:3 | Noticed a bone dragon
 38648 | Vaults:3 | Killed a bone dragon
 38727 | Vaults:3 | Reached skill level 21 in Earth Magic
 38994 | Vaults:3 | Found a staircase to the Crypt.
 39029 | Vaults:3 | Identified the +5 spear of Fate {antimagic, ^Drain rC+
                  | rCorr SInv}
 39440 | Vaults:3 | You are sucked into a shaft and drop 1 floor!
 39555 | Vaults:4 | Learned a level 8 spell: Lehudib's Crystal Spear
 39629 | Vaults:4 | Identified the +3 leather armour of Analysis {*Corrode
                  | Int+2 Dex+3}
 39858 | Vaults:4 | Reached XP level 22. HP: 115/115 MP: 20/47
 40772 | Crypt:1  | Entered Level 1 of the Crypt
 41230 | Crypt:1  | Noticed Jory
 41233 | Crypt:1  | Killed Jory
 41343 | Crypt:1  | Identified a scroll of acquirement
 41343 | Crypt:1  | Acquired a ring of willpower
 42540 | Crypt:2  | Reached skill level 5 in Alchemy
 43373 | Crypt:3  | Entered Level 3 of the Crypt
 44250 | Crypt:3  | Identified the ring "Cicelaol" {Ice rN+ Dex+4}
 44250 | Crypt:3  | Noticed Josephina
 44254 | Crypt:3  | Killed Josephina
 44258 | Crypt:3  | Identified the ring "Soez Lad" {rC+ rN+ Str+5}
 44488 | Crypt:3  | Identified the ring "Emyppisu" {rC+ rN+}
 44533 | Crypt:3  | Noticed Bai Suzhen
 44672 | Crypt:3  | Killed Bai Suzhen
 44944 | Crypt:3  | Found a basalt altar of Yredelemnul.
 45345 | Crypt:3  | Identified the +2 robe of Veson {Int+3 Stlth+}
 45387 | Crypt:3  | Noticed a profane servitor
 45393 | Crypt:3  | Killed a profane servitor
 45394 | Crypt:3  | Reached skill level 22 in Earth Magic
 45473 | Crypt:3  | Identified the +7 trident "Tipnemop" {holy, rPois Int+2}
 45478 | Crypt:3  | Identified the staff of Plog {^Drain rC+ Will+++ Stlth-
                  | Tloc Ice}
 45672 | Crypt:3  | Reached XP level 23. HP: 33/120 MP: 29/49
 45874 | Crypt:3  | Found a staircase to the Tomb.
 46157 | Vaults:5 | Entered Level 5 of the Vaults
 46163 | Vaults:5 | Found the +2 hood of the Assassin {Detect Stab+ Stlth++}
 46277 | Vaults:5 | Noticed an ancient lich
 46277 | Vaults:5 | Noticed a golden dragon
 46279 | Vaults:5 | Noticed a golden dragon
 46280 | Vaults:5 | Killed an ancient lich
 46285 | Vaults:4 | Killed a golden dragon
 46310 | Vaults:5 | Noticed an ancient lich
 46313 | Vaults:4 | Killed a golden dragon
 46353 | Vaults:5 | Killed an ancient lich
 46354 | Vaults:5 | Reached skill level 23 in Earth Magic
 46427 | Vaults:5 | Reached XP level 24. HP: 123/124 MP: 17/50
 46569 | Vaults:5 | Identified the +5 longbow "Hell-Harrower" {freeze, rF+
                  | Int+5 Dex-3 SInv}
 46719 | Vaults:5 | Identified the +8 war axe of Ykhoch {spect, rF+ rCorr}
 46757 | Vaults:5 | Identified the +1 helmet of Elyvilon's Delight {^Drain
                  | Will++}
 46785 | Vaults:5 | Got a silver rune of Zot
 46987 | Vaults:5 | Identified the +0 robe "Vucove" {Int+3}
 47292 | Vaults:5 | Found Wuigau Ecuink's Antique Weapon Shoppe.
 47302 | Vaults:5 | Identified the +13 crystal plate armour "Hietue" {*Corrode
                  | Will+ Int+6}
 47648 | Depths:1 | Entered Level 1 of the Depths
 48151 | Depths:1 | Found a gateway to Hell.
 48481 | Depths:1 | Learned a level 9 spell: Fire Storm
 48925 | Depths:1 | Found a hazy altar of Hepliaklqana.
 49428 | Depths:1 | Found a runed door.
 49508 | Depths:2 | Reached skill level 5 in Staves
 49512 | Depths:2 | Noticed a caustic shrike
 49519 | Depths:2 | Killed a caustic shrike
 49595 | Depths:1 | Found Nyem Sub's Jewellery Boutique.
 49595 | Depths:1 | Found Digen's Book Shoppe.
 49596 | Depths:1 | Found Kecir's Book Shoppe.
 49815 | Depths:1 | Noticed a dread lich
 49817 | Depths:1 | Noticed an ancient lich
 49818 | Depths:1 | Killed a dread lich
 49819 | Depths:1 | Reached skill level 24 in Earth Magic
 49819 | Depths:1 | Killed an ancient lich
 49929 | Depths:1 | Identified the amulet "Idumpi Vokimn" {Reflect Fly SH+5}
 49955 | Depths:1 | Identified the +2 leather armour of Leaves {Harm *Corrode
                  | rF+ rC+}
 49957 | Depths:1 | Acquired the +0 pair of gloves of the Silversmith {+Blink
                  | rN+}
 50451 | Depths:2 | Reached XP level 25. HP: 131/131 MP: 15/51
 50910 | Depths:2 | Noticed Sojobo
 50913 | Depths:2 | Paralysed by an air elemental for 1 turns
 50916 | Depths:2 | Killed Sojobo
 51043 | Depths:2 | Identified the ring of Checkmate {^Contam MP+9 Str+6 Int+8}
 51142 | Depths:2 | Identified the +5 dagger of Nigeizis {protect, rC+ Will+
                  | Dex+2}
 51526 | Depths:2 | Found a one-way gate leading to the halls of Pandemonium.
 51902 | Depths:2 | Found a white marble altar of Elyvilon.
 52122 | Depths:3 | Reached skill level 25 in Earth Magic
 52300 | Depths:3 | Found Vilit's Distillery.
 52308 | Depths:3 | Bought 2 potions of heal wounds for 180 gold pieces
 52308 | Depths:3 | Bought 2 potions of heal wounds for 180 gold pieces
 52308 | Depths:3 | Bought 2 potions of resistance for 360 gold pieces
 52318 | Depths:3 | Found a one-way gateway to a ziggurat.
 53428 | Depths:4 | Entered Level 4 of the Depths
 53460 | Depths:4 | Noticed a juggernaut
 53464 | Depths:4 | Killed a juggernaut
 53519 | Depths:4 | Reached XP level 26. HP: 44/136 MP: 11/52
 53657 | Depths:4 | Found a gate to the Realm of Zot.
 53773 | Depths:4 | Found Jejuud's Magic Scroll Boutique.
 53782 | Depths:4 | Bought a scroll of blinking for 97 gold pieces
 53875 | Depths:4 | Found a basalt altar of Yredelemnul.
 53878 | Depths:4 | Reached skill level 26 in Earth Magic
 53880 | Depths:4 | HP: 3/136 [golden dragon zombie (20)]
 53880 | Depths:4 | Slain by a golden dragon zombie

Illustrated notes

Levels and vault maps discovered:
D:1:      nagdon_arrival_zigzag_paths, layout_basic
D:2:      layout_loops_cross
D:3:      minmay_octagon_keep, layout_loops_cross,
          ebering_ecumenical_altar_petrified, minivault_25, minmay_between
D:4:      layout_gridville, mainiacjoe_overflow_boulevard,
          nicolae_qazlal_general_emergency, minmay_rat_hole
D:5:      layout_loops_ring, lemuel_doored_altar, uniq_menkaure, uniq_eustachio
D:6:      layout_basic, temple_pool_b, nicolae_ossuary_entry_false_entrances,
          nicolae_shop_i_like_small_books_too, serial_park_tiny_1
D:7:      layout_rooms, mainiacjoe_overflow_large_starburst, uniq_duvessa,
          uniq_prince_ribbit1, uniq_maggie
D:8:      layout_cave_pools, grunt_decor_resistance
D:9:      layout_gridville, serial_shops, shop, nicolae_shop_crystal,
          nrook_pool_corridor, nicolae_underground_beach
D:10:     layout_basic, dpeg_lair_monsters, grunt_ministairs_13
D:11:     layout_long_grid, orc_0_dummy, enter_trove_5
D:12:     layout_roguey, serial_shops, shop, kb_lookout_dungeons_type
D:13:     layout_irregular_city, erik_vaults_1, serial_ice, serial_ice_d,
          serial_ice_a, serial_ice_o, serial_ice_c, minmay_fire_ice_demons,
          uniq_erolcha
D:14:     layout_basic, serial_bayou_lagoon_a
D:15:     gammafunk_enter_depths_forms, layout_stronghold
Temple:   nicolae_temple_bog_church
Lair:1:   layout_regular_city, enter_volcano_3,
          eino_small_chamber_without_monster, fungi_pond_lemuel, minivault_25,
          lemuel_oklob_altar, uniq_joseph, uniq_fannar, uniq_harold
Lair:2:   layout_misc_corridors, elwin_shoals_entry_rooms, dummy_snake_entry,
          nicolae_quartered_pool_medium
Lair:3:   layout_regular_city, bobbens_dragon_lair_wall, grunt_megastairs_5,
          uniq_urug
Lair:4:   layout_regular_city, columned_hall_lemuel, lemuel_fruit_tree,
          grunt_megastairs_3, infiniplex_staircase_pool_2
Lair:5:   hellmonk_lair_end_abyssal_woods, layout_gridlike, slime_entry_1,
          minivault_25, nicolae_lair_lindhole
Shoals:1: layout_shoals, serial_shops, shop, nicolae_shoals_land_atoll,
          argonaut_gorgonesque
Shoals:2: layout_shoals, nicolae_shop_overcharged_wands, uniq_roxanne
Shoals:3: layout_shoals
Shoals:4: shoals_end_hellmonk_storm_palace [storm_palace_center_square,
          storm_palace_corner_reverse_hut, storm_palace_corner_pillars,
          storm_palace_corner_blocked, storm_palace_corner_altar]
Snake:1:  layout_rooms, basic_altar, serial_library_hellmonk_angled_corner,
          uniq_agnes
Snake:2:  layout_rooms, grunt_ministairs_13
Snake:3:  layout_cave_town, serial_bayou_pond_e
Snake:4:  grunt_snake_rune_spirals, layout_onion, serial_shops,
          nicolae_shop_peninsula, nicolae_alphabet_shops, drop_trap
Orc:1:    layout_caves
Orc:2:    st_orc_rangers, layout_caves, serial_shops, bzr_in_the_mist,
          ebering_ghost_gozag, dreamdust_deal_with_the_devil
Elf:1:    minmay_elf_arrival_plus, layout_gridlike, serial_shops,
          nicolae_square_shop, nicolae_elf_shapeshifter_party,
          grunt_ministairs_15
Elf:2:    nicolae_elf_blades_crystal_corner, layout_loops_corners, serial_shops,
          nicolae_shop_statue_plus, serial_nicolae_subway,
          nicolae_sub_station_crystal, nicolae_sub_station_metal,
          nicolae_sub_station_stone, uniq_asterion
Elf:3:    minmay_elf_hall_spiked, layout_geoelf_castle, basic_altar,
          st_stairs_14, nrook_mini_backslash
Vaults:1: nicolae_vaults_specimen_jars, minmay_orc_keep,
          nicolae_vaults_sightless_eye, v_misc_8, vaults_room_stairs_pillars,
          nicolae_vaults_mini_display_case, dpeg_vaults_monster_row,
          nicolae_vaults_wrenched, nicolae_vaults_tetromino_L_1,
          layout_vaults_big_room, serial_shops, shop
Vaults:2: ontoclasm_vaults_chip, nicolae_vaults_sesquioval_fish,
          nicolae_vaults_more_shelving_2, v_misc_13, v_misc_31, v_misc_22,
          nicolae_vaults_house_2, nicolae_vaults_triangles,
          vaults_room_door_hall, hangedman_vaults_corner_blocks,
          ontoclasm_vaults_shuriken, layout_vaults_omnibox
Vaults:3: hangedman_vaults_variations, nicolae_vaults_lightning_bolt,
          nicolae_vaults_trapezoid_1, hangedman_vaults_maws, v_misc_14,
          nicolae_vaults_closet_pinwheel_2, nicolae_vaults_steering_wheel,
          nicolae_vaults_trapezoid_lopsided_4, v_misc_4,
          hangedman_vaults_corner_blocks, vaults_dpeg_emergency_exit,
          nicolae_vaults_storage_closets_1, ontoclasm_vaults_idyll,
          nicolae_vaults_layer_cake_slice, layout_vaults_maze_snakey,
          minmay_crypt_entry_nasty_monster
Vaults:4: vaults_room_pools, serial_ice_h, nicolae_vaults_tetromino_L_1,
          nicolae_vaults_little_squares_6, vaults_room_fours,
          layout_vaults_omnigrid
Vaults:5
Crypt:1:  layout_catacombs, grunt_crypt_arrival_split,
          roderic_lattice_octagonal_star, uniq_jory
Crypt:2:  layout_gridlike
Crypt:3:  evilmike_haunted_forest, uniq_bai_suzhen, uniq_josephina
Depths:1: evilmike_wizard_prison, layout_long_grid, grunt_hell_entry_dis_mu,
          nicolae_hepliaklqana_monster_ancestors, serial_bayou_shore_b,
          minmay_shop_grove
Depths:2: minmay_nested_s, layout_gridville, elyvilon_altar_4,
          grunt_pan_entry_sceptre, hell_entry, abyss_entry,
          infiniplex_staircase_pool_1, uniq_sojobo
Depths:3: grunt_bruiser_brothers, layout_long_grid, enter_ziggurat_a,
          abyss_entry_small_statue_room, minmay_misc_feat_iff, serial_shops,
          shop, grunt_hell_horde, infiniplex_staircase_trident
Depths:4: grunt_zot_entry_tricorne, layout_gridville, serial_shops, shop,
          pan_entry, hell_entry, nicolae_twisting_strands,
          nicolae_yredelemnul_corpse_copse

Skill      XL: |  1  2  3  4  5  6  7  8  9 10 11 12 13 14 15 16 17 18 19 20 21 22 23 24 25 26 |
---------------+-------------------------------------------------------------------------------+-----
Earth Magic    | 4 5 6 7 8 9 10 11 12 13 14 15 16 18 19 21 22 23 24 25 26 | 26.0
Spellcasting   | 3 4 5 6 7 9 10 11 12 13 14 15 16 17 18 19 20 21 22 23 24 25 | 25.9
Fighting       | 1 2 3 4 5 |  5.7
Conjurations   | 2 3 4 5 6 8 9 11 12 13 14 16 17 18 19 | 19.4
Evocations     | 1 2 3 4 5 6 7 8 9 10 11 12 13 14 | 14.0
Armour         | 1 2 4 5 |  5.7
Alchemy        | 1 2 3 4 5 |  5.3
Throwing       | 1 2 |  2.5
Ice Magic      | 1 3 4 5 6 7 |  7.1
Air Magic      | 1 2 3 4 5 6 |  6.2
Fire Magic     | 1 3 4 5 6 7 9 |  9.3
Staves         | 1 4 5 |  5.0
Dodging        | 2 3 4 |  4.3
Stealth        | 3 4 |  4.2

Action                     |  1- 3 |  4- 6 |  7- 9 | 10-12 | 13-15 | 16-18 | 19-21 | 22-24 | 25-27 || total
---------------------------+-------+-------+-------+-------+-------+-------+-------+-------+-------++-------
  Melee: Unarmed           |     2 |       |       |       |       |       |       |       |       ||     2
         Flail             |       |     3 |       |       |       |       |       |       |       ||     3
         Club              |       |     2 |       |       |       |       |       |       |       ||     2
         Staff             |       |    44 |    26 |    32 |    61 |    26 |       |       |       ||   189
         Punch             |       |       |       |       |     1 |       |       |       |       ||     1
         Bo                |       |       |       |       |       |       |    14 |    57 |    25 ||    96
  Throw: Dart              |       |       |       |     7 |     9 |     1 |       |       |       ||    17
         Throwing net      |       |       |       |       |     3 |       |       |       |       ||     3
   Cast: Sandblast         |    51 |   122 |   119 |    82 |     5 |     8 |       |     1 |     3 ||   391
         Stone Arrow       |       |       |    35 |   149 |   457 |   521 |   321 |   214 |     3 ||  1700
         Brom's Barrelling |       |       |       |     6 |       |       |       |       |       ||     6
         Freezing Cloud    |       |       |       |    25 |   111 |   158 |    85 |    20 |    12 ||   411
         Sticky Flame      |       |       |       |     6 |    33 |    16 |     6 |    17 |     2 ||    80
         Lee's Rapid Decon |       |       |       |       |    31 |    34 |    48 |    47 |     4 ||   164
         Starburst         |       |       |       |       |    13 |    10 |     4 |       |     1 ||    28
         Fireball          |       |       |       |       |    42 |    83 |    13 |    53 |    15 ||   206
         Bombard           |       |       |       |       |    23 |    64 |    80 |    64 |   120 ||   351
         Iskenderun's Batt |       |       |       |       |       |     1 |       |     1 |       ||     2
         Irradiate         |       |       |       |       |       |    11 |    12 |    12 |     3 ||    38
         Shatter           |       |       |       |       |       |       |   115 |   199 |    95 ||   409
         Lehudib's Crystal |       |       |       |       |       |       |       |    32 |     2 ||    34
         Fire Storm        |       |       |       |       |       |       |       |       |     1 ||     1
  Evoke: Wand              |       |       |     4 |     4 |     3 |     7 |       |     5 |     4 ||    27
    Use: Potion            |     1 |       |     1 |     4 |     4 |       |     1 |     3 |     2 ||    16
         Scroll            |       |       |     7 |    16 |    11 |     6 |     1 |     4 |     1 ||    46
 Armour: Robe              |    11 |    65 |    40 |       |       |       |       |       |       ||   116
         Troll leather arm |       |       |    17 |   104 |   288 |   373 |   324 |   359 |   143 ||  1608
  Dodge: Dodged            |    19 |   161 |    90 |   145 |   283 |   246 |   120 |   133 |    48 ||  1245
